 Dungeon Crawl Stone Soup version 0.01-2115-ge649c80b0b (webtiles) character file.

Game seed: 15989131202900894204, levelgen mode: deterministic

17003 Lanoc the Fighter (level 12, -7/123 HPs) Pearl Draconian Demigod. Began on June 5, 2020. Killed by divine providence ... invoked by an orc priest ... led by an orc knight (14 damage) ... on level 2 of the Orcish Mines. The game lasted 00:27:40 (6350 turns).

Lanoc the Fighter (Pearl Draconian Demigod)         Turns: 6350, Time: 00:27:41

Health: -7/123     AC: 18    Str: 19    XL:     12 ^: 13743
Magic:  0/17       EV: 20    Int: 21    God:
Gold:   652        SH: 10    Dex: 25    Spells: 15/16 levels left

rFire    + . .     Vision   .   B - +4 club of Offence {freeze, rF+ Int+6 Dex+4, (Curse: MR-)} (curse)
rCold    + . .     Gourm    .   x - +7 nunchaku of the Abyss {pain, rPois rC+ MR+ Str+2}
rNeg     + + +     Faith    .   (armour unavailable)
rPois    +         Spirit   +   (helmet restricted)
rElec    .         Reflect  .   (no cloak)
rCorr    .         Harm     .   y - +0 pair of clawed gauntlets
MR       +....                  (no boots)
Stlth    ++........             t - amulet of guardian spirit
HPRegen  0.51/turn              b - ring of protection
MPRegen  0.27/turn              h - ring of protection from magic

@: short of breath
A: no body armour, unfitting armour, high mp 1, cold-blooded, boosted short
blades aptitude, boosted shields aptitude, charms, summoning and earth enhancers
1, AC++, rN+++, AC +13
a: Breathe Blessed Flames


You were on level 2 of the Orcish Mines.
You were hungry.

You visited 3 branches of the dungeon, and saw 9 of its levels.

You collected 652 gold pieces.

Inventory:

Weapons
 B - the cursed +4 club of Offence (weapon) {freeze, rF+ Int+6 Dex+4, (Curse: MR-)}
   (You found it on level 4 of the Dungeon)

   It has been specially enchanted to freeze those struck by it, causing extra
   injury to most foes and up to half again as much damage against particularly
   susceptible opponents.
   It can also slow down cold-blooded creatures.
   It affects your intelligence (+6).
   It affects your dexterity (+4).
   It protects you from fire.
   It has a curse placed upon it.
   { (Curse: MR-)}
 C - a +2 whip of molten steel Shields
 r - a +0 targe
 x - the +7 nunchaku of the Abyss (weapon) {pain, rPois rC+ MR+ Str+2}
   (You found it on level 4 of the Dungeon)

   Base shield rating: 4 Skill to remove penalty: 7.5 It affects your strength
   (+2).
   It protects you from cold.
   It protects you from poison.
   It affects your resistance to hostile enchantments.
Armour
 y - a +0 pair of clawed gauntlets (worn)
Jewellery
 b - a ring of protection (left claw)
 h - a ring of protection from magic (right claw)
 p - an uncursed ring of resist corrosion
 t - an amulet of guardian spirit (around neck)
 K - an uncursed ring of magical power
Wands
 u - a wand of disintegration (15)
 v - a wand of hasting (6)
 w - a wand of random effects (28)
 z - a wand of ensnaring (1)
 E - a wand of polymorph (10)
 H - a wand of flame (19)
 J - a wand of iceblast (11)
 L - a wand of scattershot (1)
Scrolls
 d - 3 scrolls of amnesia
 e - 10 scrolls of teleportation
 g - 6 scrolls of magic mapping
 k - 2 scrolls of enchantment
 o - 2 scrolls of immolation
 q - 2 scrolls of fog
 s - 2 scrolls of fear
Potions
 a - a potion of mutation
 f - 2 potions of resistance
 i - 2 potions of haste
 j - 2 potions of curing
 l - 2 potions of brilliance
 m - a potion of berserk rage
 n - 3 potions of agility
 A - a potion of cancellation
 D - a potion of heal wounds
 F - a potion of might
 G - 2 potions of lignification
Comestibles
 c - 19 rations
 I - a chunk of flesh


   Skills:
 + Level 12.4 Fighting
   Level 1.5 Long Blades
 * Level 9.2 Whips & Flails
 + Level 9.2 Dodging
 - Level 1.3 Stealth
 - Level 2.6 Spellcasting


You had 15 spell levels left.
You knew the following spells:

 Your Spells              Type           Power        Failure   Level  Hunger
a - Flame Tongue          Fire           2 (40)       34%         1    None

Your spell library contained the following spells:

 Spells                   Type           Power        Failure   Level  Hunger
 Magic Candle             Hex/Fire       2 (90)       34%         1    None
 Blink                    Tloc           N/A          47%         2    ##.....
 Call Imp                 Summ           4 (100)      47%         2    ##.....
 Ensorcelled Hibernation  Hex/Ice        2 (50)       47%         2    ##.....
 Slow                     Hex            2 (100)      47%         2    ##.....
 Blinding Spray           Hex/Pois       2 (50)       71%         3    ###....
 Confuse                  Hex            2 (100)      71%         3    ###....
 Conjure Flame            Fire           2 (100)      71%         3    ###....
 Mephitic Cloud           Pois/Air       2 (100)      71%         3    ###....
 Tukima's Dance           Hex            2 (100)      71%         3    ###....
 Fulminant Prism          Hex            2 (200)      98%         4    ####...


Dungeon Overview and Level Annotations

Branches:
Dungeon (6/8)              Temple (1/1) D:4            Lair (0/6) D:5
    Orc (2/2) D:6             Elf (0/3) Orc:2

Shops:
D:6 [


Innate Abilities, Weirdness & Mutations

You cannot fit into any form of body armour.
Your opalescent pearl scales are hard. (AC +13)
You can breathe bursts of cleansing flame.
You have an increased reservoir of magic. (+10% MP)
You are cold-blooded and may be slowed by cold attacks.
You are naturally skilled at Short Blades (Aptitude +3).
You are naturally skilled at Shields (Aptitude +3).
You are in touch with the powers of charms, summonings and the earth.
Your opalescent pearl scales boost your defenses and vastly increase your resistance to negative energy. (AC++, rN+++)


Message History

* * * LOW HITPOINT WARNING * * *
You have got your breath back.
The orc priest casts a cantrip, but nothing happens.
The orc priest calls upon Beogh to heal the troll.
The troll is healed somewhat.
Breath at?
Press: ? - help, Shift-Dir - straight line, f - orc knight
Aim: an orc knight, wielding a +0 great mace and wearing a +0 plate armour (almost dead (8/64))
You exhale a cleansing burst of sacred fire.
The blast of cleansing flame engulfs the orc knight (10)!
You kill the orc knight!
You are feeling hungry.
The troll is engulfed in blessed fire.
The orc priest mumbles some strange prayers to Beogh against you.
Beogh smites you!
* * * LOW HITPOINT WARNING * * *
You hear a shout!
The orc priest mumbles some strange prayers to Beogh against you.
Beogh smites you!
You die...

#...............##
##..............<##
###.............#.##
##.#........[.......#
##...........)......##
###.......#......<.[..##
##.........##.>.#.).....##
#..........###.##).[......
##.......@#####..))[......
##........#.#...)[.....#.
#...#...T............####
##.##..............).#
######.....[.......##
#.............##
##...[)[[...###
##.).o.....###
##....∩.<...##


You could see a troll and an orc priest.

Vanquished Creatures
  A spectral boulder beetle (D:6)
  An orc high priest (Orc:1)
  A rock worm (D:5)
  An ugly thing (D:6)
  An orc knight (Orc:2)
  A manticore (D:6)
  A spectral fire dragon (D:6)
  7 trolls
  A cyclops (D:6)
  A hornet (D:6)
  4 hippogriffs
  A spectral human (D:6)
  2 spectral two-headed ogres (D:6)
  A wyvern (D:5)
  A shadow (D:6)
  Sigmund (D:2)
  Menkaure (D:2)
  A basilisk (D:6)
  7 yaks
  3 wargs
  3 guardian mummies
  2 phantoms
  A spectral hippogriff (D:6)
  A spectral rock worm (D:6)
  3 porcupines
  A water moccasin (D:5)
  11 orc warriors
  A spectral yaktaur (D:6)
  3 ice beasts
  2 sky beasts
  7 ogres
  2 rock worm zombies (D:6)
  2 crocodiles
  A spectral shapeshifter (D:6)
  2 big kobolds (D:2)
  4 meliai zombies
  2 bullfrogs (D:4)
  2 spectral basilisks (D:6)
  A spectral soldier ant (D:6)
  5 scorpions
  3 howler monkeys (D:4)
  11 killer bees
  7 wights (D:5)
  2 meliai simulacra (D:6)
  3 hornet zombies (D:6)
  2 crimson imps
  6 hounds
  4 jellies
  8 orc priests
  14 orc wizards
  2 spectral acid dragons (D:6)
  A spectral crocodile (D:6)
  An iguana (D:5)
  A hornet simulacrum (D:6)
  A gnoll shaman (D:5)
  5 mummies (D:6)
  6 worker ants
  5 wyvern zombies
  6 wyvern skeletons
  2 spectral centaurs (D:6)
  An iron imp (D:4)
  2 porcupine zombies
  14 bullfrog skeletons
  7 bullfrog zombies (D:6)
  9 gnolls (D:5)
  A shadow imp (D:3)
  7 adders
  4 bullfrog simulacra (D:6)
  18 sewer rats (D:2)
  2 white imps (D:4)
  6 cinder newts
  2 worms (D:2)
  A worker ant zombie (D:3)
  3 oozes
  A hound skeleton (D:3)
  5 leopard geckos
  37 orcs
  5 adder skeletons
  2 adder zombies
  8 bats
  7 giant cockroaches
  6 goblins (D:1)
  3 hobgoblins (D:1)
  10 jackals
  15 kobolds
  3 quokkas
  6 ball pythons
  A ball python skeleton (D:2)
  A bat skeleton (D:2)
  A hobgoblin skeleton (D:2)
  A leopard gecko zombie (D:3)
  3 rats (D:1)
  2 butterflies
  3 withered plants (D:2)
381 creatures vanquished.

Vanquished Creatures (others)
  A scorpion (D:6)
  A jelly (D:2)
  A wyvern simulacrum (D:6)
  A spectral bullfrog (D:6)
  An adder (D:2)
  A bullfrog simulacrum (D:6)
  2 orcs (Orc:2)
  A giant cockroach (D:2)
  A ball python (D:2)
  A hobgoblin skeleton (D:2)
  5 withered plants (D:2)
16 creatures vanquished.

Grand Total: 397 creatures vanquished

Notes
Turn   | Place    | Note
-------+----------+-------------------------------------------
     0 | D:1      | Lanoc the Immature Draconian Demigod began the quest for
                  | the Orb.
     0 | D:1      | Reached XP level 1. HP: 20/20 MP: 4/4
   191 | D:1      | Reached XP level 2. HP: 27/27 MP: 6/6
   364 | D:1      | Reached skill level 3 in Fighting
   574 | D:1      | Reached XP level 3. HP: 34/34 MP: 7/7
   770 | D:2      | Noticed a crocodile
   778 | D:2      | Killed a crocodile
   778 | D:2      | Reached skill level 4 in Fighting
   778 | D:2      | Reached XP level 4. HP: 4/44 MP: 4/8
   975 | D:2      | Reached XP level 5. HP: 49/51 MP: 4/9
  1134 | D:2      | Reached skill level 5 in Fighting
  1211 | D:2      | Reached XP level 6. HP: 58/61 MP: 11/11
  1253 | D:2      | Noticed Sigmund
  1269 | D:2      | Killed Sigmund
  1384 | D:2      | Reached skill level 6 in Fighting
  1433 | D:2      | Your scales start taking on an opalescent pearl colour.
  1433 | D:2      | Reached XP level 7. HP: 64/69 MP: 2/12
  1433 | D:2      | Gained mutation: Your opalescent pearl scales boost your
                  | defenses and vastly increase your resistance to negative
                  | energy. (AC++, rN+++) [Pearl Draconian growth]
  1433 | D:2      | Gained mutation: You are in touch with the powers of
                  | charms, summonings and the earth. [Pearl Draconian growth]
  1653 | D:2      | Found an iron altar of Okawaru.
  1724 | D:2      | Noticed Menkaure
  1750 | D:2      | Killed Menkaure
  1750 | D:2      | Reached skill level 5 in Dodging
  1961 | D:2      | Reached skill level 7 in Fighting
  2070 | D:2      | Found a shimmering blue altar of Sif Muna.
  2547 | D:3      | Reached XP level 8. HP: 54/80 MP: 9/13
  2583 | D:3      | Reached skill level 8 in Fighting
  3057 | D:4      | Found a sacrificial altar of Ru.
  3114 | D:4      | Identified the +7 nunchaku of the Abyss {pain, rPois rC+
                  | MR+ Str+2}
  3218 | D:4      | Reached skill level 9 in Fighting
  3218 | D:4      | Reached skill level 1 in Whips & Flails
  3252 | D:4      | Found a staircase to the Ecumenical Temple.
  3280 | D:4      | Reached XP level 9. HP: 79/91 MP: 12/14
  3302 | Temple   | Entered the Ecumenical Temple
  3342 | D:4      | Identified the cursed +4 club of Offence {freeze, rF+ Int+6
                  | Dex+4, (Curse: MR-)}
  3414 | D:4      | Found a snail-covered altar of Cheibriados.
  3414 | D:4      | Found a hide-covered altar of Uskayaw.
  3728 | D:5      | Entered Level 5 of the Dungeon
  3854 | D:5      | Reached skill level 10 in Fighting
  3923 | D:5      | Gained mutation: You are naturally skilled at Short Blades
                  | (Aptitude +3). [draconic bloodline]
  3923 | D:5      | Reached XP level 10. HP: 91/102 MP: 13/15
  3926 | D:5      | Reached skill level 5 in Whips & Flails
  4271 | D:5      | Reached skill level 11 in Fighting
  4331 | D:5      | Found a staircase to the Lair.
  4338 | D:5      | Noticed a rock worm
  4344 | D:5      | Killed a rock worm
  4675 | D:6      | Noticed a manticore
  4680 | D:6      | Killed a manticore
  4680 | D:6      | Reached XP level 11. HP: 106/111 MP: 16/16
  4723 | D:6      | Found Oraebear's Armour Boutique.
  4739 | D:6      | Noticed a cyan ugly thing
  4745 | D:6      | Killed a cyan ugly thing
  4996 | D:6      | Found a staircase to the Orcish Mines.
  5079 | D:6      | Found a radiant altar of Vehumet.
  5249 | D:6      | Noticed a spectral boulder beetle
  5263 | D:6      | Killed a spectral boulder beetle
  5263 | D:6      | Reached skill level 12 in Fighting
  5757 | Orc:1    | Entered Level 1 of the Orcish Mines
  5800 | Orc:1    | Noticed an orc high priest
  5878 | Orc:1    | Killed an orc high priest
  5934 | Orc:2    | Entered Level 2 of the Orcish Mines
  5934 | Orc:2    | Found a staircase to the Elven Halls.
  5948 | Orc:1    | Gained mutation: You are naturally skilled at Shields
                  | (Aptitude +3). [draconic bloodline]
  5948 | Orc:1    | Reached XP level 12. HP: 111/122 MP: 15/17
  6335 | Orc:2    | HP: 4/123 [orc knight/+0 great mace (21)]
  6349 | Orc:2    | HP: 6/123 [orc priest/divine providence[an orc knight]
                  | (11)]
  6350 | Orc:2    | Killed from afar by an orc priest

Levels and vault maps discovered:
D:1:      wander_arrival_lonely_grave, layout_basic, first_ration
D:2:      layout_sewer, nicolae_overflow_crystal_walls, led_sif_pool,
          uniq_menkaure, uniq_sigmund
D:3:      layout_basic, enter_ossuary_1, grunt_ogre_cave
D:4:      layout_loops_ring, chequers_temple_overflow_statue_of_worship,
          minmay_temple_entry_butterflies, minmay_statues_item,
          hangedman_decor_points, nicolae_ru_sacrificial_ziggurat
D:5:      layout_basic, erik_lair_orcish_takeover
D:6:      layout_roguey, orc_0_dummy, basic_altar, serial_shops, shop_fountains,
          ossuary_boxes_badplayer
Temple:   eino_wide_crystal_templ
Orc:1:    layout_diamond_mine, serial_shops, shop_fountains, uniq_urug
Orc:2:    st_orc_elflike, layout_diamond_mine, abandoned_shop

Skill      XL: |  1  2  3  4  5  6  7  8  9 10 11 |
---------------+----------------------------------+-----
Fighting       | 3 4 5 6 7 9 10 11 12 | 12.4
Dodging        | 3 4 5 6 7 8 9 |  9.2
Whips & Flails | 2 4 7 9 |  9.2
Long Blades    | |  1.5
Stealth        | |  1.3
Spellcasting   | |  2.6

Action                   |  1- 3 |  4- 6 |  7- 9 | 10-12 || total
-------------------------+-------+-------+-------+-------++-------
Melee: Long sword        |    34 |    65 |   146 |       ||   245
       Unarmed           |    16 |    37 |       |       ||    53
       Tailslap          |     2 |     6 |    60 |    72 ||   140
       Dagger            |       |    15 |   152 |       ||   167
       Nunchaku          |       |       |    59 |   283 ||   342
       Club              |       |       |    47 |   313 ||   360
 Cast: Flame Tongue      |     2 |    27 |       |       ||    29
 Abil: Breathe Dart      |     1 |     3 |       |       ||     4
       Breathe Blessed F |       |       |    27 |    60 ||    87
  Use: Potion            |       |       |       |     1 ||     1
 Stab: Sleeping          |     6 |     2 |     6 |     6 ||    20
       Distracted        |       |       |     2 |     1 ||     3
  Eat: Chunk             |       |     3 |    12 |    18 ||    33
       Ration            |       |       |     1 |     1 ||     2
Armor: Skin              |    13 |    25 |    99 |   153 ||   290
Dodge: Dodged            |    31 |    65 |   234 |   368 ||   698
Block: Nunchaku          |       |       |    26 |   246 ||   272
       Rpst.: Long sword |    12 |    21 |    53 |       ||    86
       Unarmed           |    10 |    13 |       |       ||    23
       Dagger            |       |     9 |    43 |       ||    52
